AoeStats
← Dachin

Arabia

508364186Analyzed
1v1 RM · 8d ago on Sep 22, 2026· 33m 0s· 2 players
Game mode
Random Map
Map size
Tiny (2 player)
Population
200
Speed
Normal
Resources
Standard
Victory
Conquest
Starting age
Dark Age
Ending age
Imperial Age
RankedLock teamsTeams togetherTeam positionsShared explorationLock speedFull tech treeHidden civsTurbo modeCheats
Victory
Defeat
🇨🇦 Khmer · Canada
1192
+17
🇨🇳 Huns · China
1214
-17
mmmBoulisse
6:52 Loom
9:27 Feudal Age
10:16 Double-Bit Axe
10:13 Horse Collar
20:28 Wheelbarrow
23:57 Castle Age
22:38 Scale Barding Armor
23:06 Bloodlines
25:09 Chain Barding Armor
26:09 Forging
26:59 Town Watch
27:56 Husbandry
30:55 Iron Casting
Dachin
7:56 Loom
10:20 Feudal Age
10:47 Arson
10:28 Man-at-Arms
12:11 Arson
12:31 Double-Bit Axe
19:10 Horse Collar
21:30 Gold Mining
26:00 Castle Age
24:55 Bloodlines
24:50 Fletching
25:49 Scale Barding Armor
25:45 Padded Archer Armor
29:40 Long Swordsman
29:45 Pikeman
Connection lost

Rejoining the realm…

Still unreachable

The connection could not be restored.

Session expired

The server has moved on; the page needs a fresh start.